 Dungeon Crawl Stone Soup version 0.19.0-9-gfd783f2 (webtiles) character file.

472976 Naow the Executioner (level 25, -16/209 HPs)
             Began as a Formicid Fighter on Nov 7, 2016.
             Was the Champion of Okawaru.
             Killed by the air
             ... invoked by a titan
              (22 damage)
             ... on level 2 of the Depths.
             The game lasted 01:51:25 (39652 turns).

Naow the Executioner (Formicid Fighter)            Turns: 39652, Time: 01:51:26

Health: -16/209    AC: 44    Str: 32    XL:     25   Next: 60%
Magic:  29/30      EV: 14    Int:  4    God:    Okawaru [******]
Gold:   3843       SH: 23    Dex:  6    Spells: 0 memorised, 24 levels left

rFire  + + +     SeeInvis +     O - +9 broad axe (vamp)
rCold  + + .     Gourm    .     J - +3 crystal plate armour
rNeg   . . .     Faith    .     N - +0 shield "Jucveiru" {rC+ Dex+3}
rPois  +         Spirit   .     (helmet unavailable)
rElec  .         Reflect  +     T - +5 cloak of Midnight {rF++ Dex-3}
rCorr  .         Harm     .     U - +1 pair of gloves of Grace {rPois Regen+ Slay+3}
MR     ++...                    P - +0 pair of boots {Fly}
Stlth  ..........               e - amulet "Hablah" {Reflect rF+++ Int-5 Dex-4 SH+5 SInv}
                                H - ring of protection from cold
                                Z - +5 ring of evasion (curse)

@: heroism, flayed, flying, constricted, drained
A: permanent stasis, dig shafts and tunnels, four strong arms, antennae 3, sense
surroundings 1
a: Dig, Shaft Self, Heroism, Finesse, Renounce Religion, Stop Flying
}: 3/15 runes: decaying, serpentine, silver


You were on level 2 of the Depths.
You worshipped Okawaru.
Okawaru was exalted by your worship.
You were not hungry.

You visited 8 branches of the dungeon, and saw 39 of its levels.
You visited the Abyss 1 time.
You also visited: Ice Cave.

You collected 5291 gold pieces.
You spent 1448 gold pieces at shops.

Inventory:

Hand Weapons
 B - the +11 executioner's axe "Qidesch" {chop, rElec rF+ MR+++ Dex-2}
   (Okawaru gifted it to you on level 3 of the Snake Pit)

   It inflicts extra damage upon your enemies.
   It affects your dexterity (-2).
   It protects you from fire.
   It insulates you from electricity.
   It affects your resistance to hostile enchantments.
 L - the +8 frozen axe "Frostbite" {freezing cloud, *Noise +Fly rC+}
   (Okawaru gifted it to you on level 4 of the Swamp)

   It has been specially enchanted to freeze those struck by it, causing extra
   injury to most foes and up to half again as much damage against particularly
   susceptible opponents.
   It can also slow down cold-blooded creatures.
   It protects you from cold.
   It lets you fly.
   It may make noises in combat.
 O - a +9 vampiric broad axe (weapon)
Armour
 I - a +0 large shield of reflection
 J - a +3 crystal plate armour (worn)
 N - the +0 shield "Jucveiru" (worn) {rC+ Dex+3}
   (Okawaru gifted it to you on level 4 of the Vaults)

   It affects your dexterity (+3).
   It protects you from cold.
 P - a +0 pair of boots of flying (worn)
 R - +0 storm dragon scales
 T - the +5 cloak of Midnight (worn) {rF++ Dex-3}
   (You acquired it on level 5 of the Vaults)

   It affects your dexterity (-3).
   It greatly protects you from fire.
 U - the +1 pair of gloves of Grace (worn) {rPois Regen+ Slay+3}
   (Okawaru gifted it to you on level 1 of the Depths)

   It affects your accuracy and damage with ranged weapons and melee attacks
   (+3).
   It protects you from poison.
   It increases your rate of regeneration.
Jewellery
 e - the amulet "Hablah" (around neck) {Reflect rF+++ Int-5 Dex-4 SH+5 SInv}
   (You acquired it on level 4 of the Swamp)

   [amulet of reflection]

   It shields you and reflects attacks.
   It affects your intelligence (-5).
   It affects your dexterity (-4).
   It renders you almost immune to fire.
   It lets you see invisible.
   It affects your SH (+5).
 i - an uncursed ring of ice
 n - an uncursed amulet of regeneration
 A - an uncursed ring of fire
 H - a ring of protection from cold (right hand)
 K - an uncursed amulet of the gourmand
 S - a +3 ring of dexterity
 Y - an uncursed ring of positive energy
 Z - a cursed +5 ring of evasion (left hand)
Wands
 j - a wand of digging (1/24)
 u - a wand of heal wounds (3/9)
Scrolls
 b - 4 scrolls of fear
 c - 3 scrolls of magic mapping
 d - 6 scrolls of identify
 h - a scroll of holy word
 m - 5 scrolls of amnesia
 r - 7 scrolls of recharging
 y - 16 scrolls of remove curse
 z - a scroll of silence
 M - a scroll of brand weapon
 Q - a scroll of enchant weapon
Potions
 a - 2 potions of ambrosia
 k - 10 potions of curing
 o - 3 potions of invisibility
 t - 7 potions of agility
 v - a potion of cancellation
 C - 7 potions of heal wounds
 F - 3 potions of resistance
 G - 3 potions of cure mutation
 X - 5 potions of might
Comestibles
 f - 25 bread rations
 g - 19 meat rations
 l - 54 chunks of flesh
 p - 6 beef jerkies
 s - 25 fruits
 D - 4 slices of pizza
 W - a royal jelly


   Skills:
 + Level 19.6(24.3) Fighting
 + Level 22.0(26.7) Axes
 + Level 19.6(24.3) Armour
 + Level 13.3(18.1) Dodging
 + Level 21.2(25.9) Shields
 - Level 9.7(9.5) Invocations


You had 24 spell levels left.
You didn't know any spells.

Dungeon Overview and Level Annotations

Branches:
Dungeon (15/15)            Temple (1/1) D:6            Lair (6/6) D:9
  Swamp (4/4) Lair:3        Snake (4/4) Lair:4        Slime (0/5) Lair:5
    Orc (2/2) D:12            Elf (0/3) Orc:2        Vaults (5/5) D:14
  Crypt (0/3) Vaults:3     Depths (2/5) D:15

Altars:
Ashenzari
Cheibriados
Dithmenos
Elyvilon
Fedhas
Gozag
Hepliaklqana
Kikubaaqudgha
Makhleb
Nemelex Xobeh
Okawaru
Qazlal
Ru
Sif Muna
Trog
Uskayaw
Vehumet
Xom
Yredelemnul
Zin
The Shining One
Beogh
Jiyva

Shops:
D:5 !   D:6 *   D:7 ?   D:8 %   D:9 *   D:11 (   Orc:2 *[(   Vaults:1 ?=
Vaults:2 %   Vaults:5 ?

Portals:
Hell: Depths:1
Ziggurat: Depths:1
Trove: Vaults:2 (give +4 storm dragon scales)

Annotations:
Snake:1 exclusion: 3 oklob plants


Innate Abilities, Weirdness & Mutations

You are under a permanent stasis effect.
You can dig through walls and to a lower floor.
Your four strong arms can wield two-handed weapons with a shield.
You have a pair of large antennae on your head. (SInv)
You passively map a small area around you.


Message History

You hit the storm dragon but do no damage.
The titan waves its arms in wide circles.
The air twists around and violently strikes you in flight!
* * * LOW HITPOINT WARNING * * *
The storm dragon breathes lightning at you.
The bolt of lightning hits you!
* * * LOW HITPOINT WARNING * * *
You block the tentacled monstrosity's attack. x2
The tentacled monstrosity misses you.
* * * LOW HITPOINT WARNING * * *
The tentacled monstrosity constricts you.
Evoke which item? (* to show all) (? for menu, Esc to quit)
Zapping:
u - a wand of heal wounds (4/9)
Press: ? - help, Shift-Dir - straight line, f - you You feel much better.
This wand has 3 charges left.
The stone giant hits you!!
* * * LOW HITPOINT WARNING * * *
You block the storm dragon's attack. x2; The storm dragon barely misses you.
The titan waves its arms in wide circles.
The air twists around and violently strikes you in flight!
You die...

, ###''?..†##....''###
**',,#..)'##########''..#,
, , ##...###..... ##(..##
,#....##.).... *#()..# ,
{,,#..8.#....%).{ #.8..#
,, #....#...!(!/ { #).÷.#
* ,##))##WG}(>∩$ ,##''## *
,##''##CC?$!>= ##''## ,
*,#....@XCE($$) {{#....# ,
#....CDCQ.$[. #.⌠).'
#....##C....., #..).' +
##..(# #..... *##.(.##
*+,,#.('' ########('..#.
###''. , *#...)''###( ##..
#.⌠.))###.) * .. ,
*#...(.##..) ,
*#...###..⌠)


You could see a juggernaut, a tentacled monstrosity, a titan, a storm dragon, a
frost giant, 3 stone giants, a flayed ghost, an air elemental, a tengu conjurer
and a floating eye.

Vanquished Creatures
  Mara (Depths:1)
  4 ancient liches (Vaults:5)
  Mennas (Vaults:3)
  A golden dragon (Vaults:5)
  Nikola (Vaults:1)
  7 tentacled monstrosities
  A lich (Vaults:5)
  Asterion (Vaults:1)
  2 quicksilver dragons (Vaults:5)
  4 titans (Vaults:5)
  Gastronok (Lair:1)
  Frances (Snake:2)
  A tentacled starspawn (Abyss:1)
  5 shadow dragons
  2 thorn hunters
  2 sphinxes
  3 storm dragons
  7 tengu reavers
  5 nagarajas (Snake:4)
  7 frost giants
  7 fire giants
  4 deep elf sorcerers
  3 iron dragons
  15 vault wardens
  Aizul (Snake:2)
  A deep elf elementalist (Vaults:5)
  15 ironheart preservers
  2 vampire knights
  3 entropy weavers
  4 deep elf demonologists
  13 stone giants
  14 very ugly things
  The ghost of octopushugs the Blocker, a journeyman MiFi of the Shining One (Orc:2)
  Nessos (D:12)
  A dire elephant (Lair:6)
  2 deep elf annihilators (Vaults:4)
  Snorg (D:13)
  A crystal guardian (Vaults:4)
  10 ettins
  2 deep elf death magi
  A merfolk javelineer (Depths:1)
  2 green deaths (Swamp:4)
  A death ooze (Swamp:4)
  2 deep elf high priests
  15 ogre magi
  12 yaktaur captains
  4 fire dragons
  The ghost of octopushugs the Carver, a journeyman MiFi of the Shining One (Orc:2)
  Harold (Lair:3)
  6 rakshasas
  2 hell beasts (Swamp:4)
  30 vault guards
  4 ice dragons
  2 great orbs of eyes
  3 ghost crabs
  25 hydras
  An anaconda (shapeshifter) (Vaults:1)
  The ghost of Jerry the Unseen, a journeyman SpEn of Dithmenos (Lair:5)
  9 anacondas
  A merfolk avatar (Lair:6)
  Erica (D:9)
  A spriggan air mage (Depths:2)
  17 naga warriors
  4 death knights
  The ghost of letownia the Grappler, a novice TrWz of Okawaru (D:11)
  3 alligators
  5 centaur warriors
  5 death yaks
  8 orc high priests (Orc:2)
  A deep troll shaman (Vaults:1)
  2 dancing weapons (Vaults:5)
  5 thrashing horrors
  Urug (Lair:3)
  A spriggan berserker (Depths:2)
  3 tengu warriors
  5 shock serpents
  15 deep elf knights
  9 naga sharpshooters
  A shadow wraith (Vaults:1)
  2 wretched stars (Abyss:1)
  A golden dragon zombie (D:15)
  2 sea snakes (Lair:6)
  A sixfirhy (Abyss:1)
  3 salamander mystics
  4 unseen horrors
  8 skeletal warriors
  2 spriggan druids (Swamp:3)
  3 wizards
  3 flayed ghosts
  A lindwurm (shapeshifter) (Vaults:2)
  5 phantasmal warriors
  4 shambling mangroves
  6 naga ritualists
  5 deep trolls
  8 hill giants
  8 swamp dragons
  A harpy (shapeshifter) (Vaults:1)
  15 ironbrand convokers
  13 orc knights
  12 deep elf archers
  3 necromancers
  20 deep elf magi
  The ghost of octopushugs the Carver, a novice MiFi of Hepliaklqana (D:9)
  3 harpies (Vaults:4)
  A sphinx zombie (D:15)
  4 orc sorcerers
  5 wolf spiders
  57 ugly things
  10 salamanders
  9 mana vipers
  2 manticores
  7 cyclopes
  2 salamanders (shapeshifter) (Vaults:1)
  An apocalypse crab (Abyss:1)
  2 guardian serpents
  Joseph (D:9)
  2 stone giant skeletons
  An ice statue (IceCv)
  A smoke demon (Abyss:1)
  6 centaur zombies
  8 naga magi
  A torpor snail (Lair:6)
  21 vault sentinels
  6 elephants (Lair:6)
  33 black mambas
  4 orange demons
  22 spiny frogs
  2 gargoyles
  4 spectral swamp worms (Depths:1)
  54 yaktaurs
  9 freezing wraiths
  5 rime drakes
  3 efreet
  10 komodo dragons
  A yaktaur zombie (Vaults:1)
  A kobold demonologist (D:13)
  An ice devil (Abyss:1)
  2 tengu conjurers
  An ancient zyme (Abyss:1)
  A guardian mummy (D:15)
  A yaktaur skeleton (D:15)
  An entropy weaver simulacrum (Vaults:1)
  A jumping spider (Vaults:4)
  The ghost of Andry07 the Skirmisher, an amateur MfFi of Ashenzari (D:4)
  23 polar bears
  6 trolls
  3 wind drakes (Lair:6)
  9 tyrant leeches
  21 two-headed ogres
  A polar bear (shapeshifter) (Vaults:2)
  20 blink frogs
  Grinder (D:4)
  A stone giant simulacrum (Vaults:3)
  6 bog bodies
  13 hornets
  A wolf spider simulacrum (Vaults:1)
  39 slime creatures
  11 hippogriffs
  15 redbacks
  Sigmund (D:6)
  5 wyverns
  A centaur simulacrum (D:10)
  5 wraiths
  2 tarantellas (shapeshifter)
  10 water elementals
  6 spriggans
  7 shadows
  2 ynoxinuls (Abyss:1)
  4 starcursed masses (Abyss:1)
  3 hungry ghosts
  4 fire bats (D:13)
  2 hogs (shapeshifter)
  59 yaks
  3 basilisks
  A steam dragon (D:13)
  11 vampire mosquitoes
  9 large abominations
  6 wargs
  4 mottled dragons
  6 insubstantial wisps (Swamp:3)
  17 swamp worms
  59 nagas
  16 water moccasins
  A hell hound (D:13)
  11 porcupines
  7 swamp drakes
  6 ice beasts
  34 orc warriors
  2 phantoms
  3 sky beasts
  2 black bears
  A hornet zombie (D:14)
  2 small abominations (Abyss:1)
  42 wolves
  59 ogres
  2 necrophages
  2 eyes of draining
  6 boggarts
  19 crocodiles
  12 centaurs
  Blork the orc (D:4)
  15 bullfrogs
  6 big kobolds
  A wyvern zombie (D:12)
  A glowing shapeshifter simulacrum (Vaults:3)
  A gnoll sergeant (D:13)
  An ogre simulacrum (Vaults:1)
  A wyvern skeleton (D:8)
  A water moccasin skeleton (D:12)
  4 scorpions
  10 killer bees
  A wight (D:13)
  A howler monkey (D:8)
  An electric eel (D:10)
  2 lava snakes (D:13)
  7 crimson imps
  A quasit (Abyss:1)
  2 wyvern simulacra (D:10)
  3 bullfrog zombies
  2 jellies
  6 hounds
  Crazy Yiuf (D:4)
  A bullfrog skeleton (D:7)
  37 orc priests
  21 orc wizards
  3 centaur skeletons
  Jessica (D:2)
  Terence (D:2)
  3 iguanas
  9 worker ants
  A killer bee zombie (D:6)
  A hound skeleton (D:5)
  A worker ant zombie (D:7)
  6 gnolls
  9 adders
  A hound simulacrum (D:10)
  5 shadow imps
  7 white imps
  A worker ant simulacrum (D:10)
  An ufetubus (D:10)
  2 oozes
  An adder skeleton (D:6)
  2 adder zombies
  A worm (D:3)
  4 dart slugs
  3 leopard geckos
  83 orcs
  11 bats
  6 giant cockroaches
  10 goblins
  10 hobgoblins
  9 jackals
  33 kobolds
  3 quokkas
  6 ball pythons
  4 frilled lizards
  2 leopard gecko skeletons (D:7)
  A quokka skeleton (D:4)
  A quokka zombie (D:6)
  9 rats
  2 briar patches (Swamp:4)
  2 crawling corpses (Vaults:5)
  3 fire vortices (D:13)
  11 fungi
  5 plants
  2 starspawn tentacles (Abyss:1)
  2 withered plants (D:15)
1837 creatures vanquished.

Vanquished Creatures (others)
  A nagaraja (Snake:3)
  An ironheart preserver (Vaults:4)
  A yaktaur captain (Vaults:5)
  4 centaur warriors
  A naga sharpshooter (Snake:2)
  An unseen horror (shapeshifter) (Vaults:1)
  2 deep elf archers
  A mana viper (Snake:1)
  A cyclops (Vaults:2)
  2 deep elf magi (Vaults:4)
  3 vault sentinels
  A naga mage (Snake:4)
  A spectral swamp worm (Depths:1)
  9 yaktaurs
  An air elemental (Depths:2)
  A ynoxinul (Abyss:1)
  2 nagas (Snake:4)
  A swamp drake (Swamp:2)
  A boggart (Depths:1)
  A wolf (IceCv)
  2 centaurs (D:14)
  2 ogres (Vaults:5)
  An electric eel (D:14)
  A white imp (D:10)
  4 briar patches (Swamp:4)
  A bush (Lair:3)
  5 fungi
  4 plants
  9 starspawn tentacles (Abyss:1)
  A withered plant (D:15)
66 creatures vanquished.

Grand Total: 1903 creatures vanquished

Notes
Turn   | Place    | Note
-------+----------+-------------------------------------------
     0 | D:1      | Naow the Formicid Fighter began the quest for the Orb.
     0 | D:1      | Reached XP level 1. HP: 18/18 MP: 1/1
    76 | D:1      | Reached XP level 2. HP: 23/24 MP: 2/2
   191 | D:1      | Reached XP level 3. HP: 27/29 MP: 3/3
   669 | D:2      | Noticed Jessica
   684 | D:2      | Killed Jessica
   684 | D:2      | Reached skill level 3 in Axes
   684 | D:2      | Reached XP level 4. HP: 32/37 MP: 4/4
  1178 | D:2      | Found a sparkling altar of Nemelex Xobeh.
  1214 | D:2      | Noticed Terence
  1227 | D:2      | Killed Terence
  1227 | D:2      | Reached XP level 5. HP: 29/42 MP: 5/5
  1537 | D:3      | Noticed a centaur
  1545 | D:3      | Killed a centaur
  1545 | D:3      | Reached skill level 4 in Axes
  1545 | D:3      | Reached XP level 6. HP: 46/49 MP: 6/6
  1553 | D:3      | Found a sacrificial altar of Ru.
  1553 | D:3      | Found an ancient bone altar of Kikubaaqudgha.
  1560 | D:3      | Found a radiant altar of Vehumet.
  1720 | D:3      | Found a blossoming altar of Fedhas.
  2068 | D:4      | Noticed Blork the orc
  2080 | D:4      | Killed Blork the orc
  2080 | D:4      | Reached skill level 5 in Shields
  2107 | D:4      | Reached XP level 7. HP: 48/55 MP: 7/7
  2171 | D:4      | Noticed Grinder
  2202 | D:4      | Killed Grinder
  2202 | D:4      | Reached skill level 5 in Axes
  2325 | D:4      | Reached skill level 5 in Armour
  2354 | D:4      | Noticed Andry07's ghost (amateur MfFi)
  2378 | D:4      | Killed Andry07's ghost
  2378 | D:4      | Reached skill level 5 in Fighting
  2378 | D:4      | Reached XP level 8. HP: 19/62 MP: 8/8
  2668 | D:4      | Reached skill level 6 in Axes
  2982 | D:4      | Found a runed door.
  2986 | D:4      | Noticed Crazy Yiuf
  2992 | D:4      | Killed Crazy Yiuf
  3178 | D:5      | Entered Level 5 of the Dungeon
  3222 | D:5      | Found Fuewiev's Distillery.
  3227 | D:5      | Bought a potion of degeneration for 12 gold pieces
  3701 | D:5      | Reached XP level 9. HP: 48/69 MP: 9/9
  3873 | D:5      | Found a blossoming altar of Fedhas.
  4055 | D:5      | Reached skill level 7 in Axes
  4193 | D:5      | Found a white marble altar of Elyvilon.
  4196 | D:5      | Found a hide-covered altar of Uskayaw.
  4199 | D:5      | Found a glowing golden altar of the Shining One.
  4353 | D:6      | Found Jysha's Serpentskin Sales.
  4363 | D:6      | Found a staircase to the Ecumenical Temple.
  4374 | D:6      | Noticed Sigmund
  4413 | D:6      | Killed Sigmund
  4413 | D:6      | Reached skill level 8 in Axes
  4423 | Temple   | Entered the Ecumenical Temple
  4471 | Temple   | Became a worshipper of Warmaster Okawaru
  5298 | D:7      | Noticed a hornet
  5308 | D:7      | Killed a hornet
  5308 | D:7      | Reached XP level 10. HP: 49/79 MP: 10/10
  5691 | D:7      | Reached * piety under Okawaru
  5753 | D:7      | Reached skill level 9 in Axes
  5850 | D:7      | Reached skill level 1 in Invocations
  6304 | D:7      | Found Hojunel's Magic Scroll Shop.
  6307 | D:7      | Bought a scroll of remove curse for 33 gold pieces
  6307 | D:7      | Bought a scroll of identify for 22 gold pieces
  6386 | D:8      | Found a burning altar of Makhleb.
  6771 | D:8      | Reached ** piety under Okawaru
  6917 | D:8      | Found Doitarau's Food Boutique.
  7237 | D:9      | Noticed Erica
  7255 | D:9      | Killed Erica
  7255 | D:9      | Reached *** piety under Okawaru
  7255 | D:9      | Reached XP level 11. HP: 76/86 MP: 13/13
  7291 | D:9      | Noticed Joseph
  7316 | D:9      | Killed Joseph
  7335 | D:9      | Noticed octopushugs's ghost (novice MiFi)
  7364 | D:9      | Killed octopushugs's ghost
  7364 | D:9      | Reached skill level 10 in Axes
  7367 | D:9      | Reached **** piety under Okawaru
  7373 | D:9      | Found a staircase to the Lair.
  7489 | D:9      | Reached skill level 5 in Invocations
  7533 | D:9      | Found Imediona's General Store.
  7829 | D:10     | Entered Level 10 of the Dungeon
  7853 | D:10     | Noticed a hill giant
  7906 | D:10     | Killed a hill giant
  7982 | D:9      | Bought a +2 vampiric broad axe for 288 gold pieces
  8129 | D:10     | Noticed a hill giant
  8143 | D:10     | Killed a hill giant
  8143 | D:10     | Reached ***** piety under Okawaru
  8143 | D:10     | Reached skill level 10 in Shields
  8823 | D:11     | Noticed a hill giant
  8823 | D:11     | Noticed a four-headed hydra
  8830 | D:11     | Killed a hill giant
  8830 | D:11     | Reached skill level 11 in Axes
  8847 | D:11     | Killed a 19-headed hydra
  8847 | D:11     | Reached XP level 12. HP: 95/95 MP: 9/16
  8897 | D:11     | Received a gift from Okawaru
  9325 | D:11     | Noticed letownia's ghost (novice TrWz)
  9346 | D:11     | Killed letownia's ghost
  9569 | D:11     | Found Dinufar's Weapon Emporium.
  9872 | D:12     | Found a shadowy altar of Dithmenos.
 10054 | D:12     | Noticed Nessos
 10083 | D:12     | Killed Nessos
 10362 | D:12     | Noticed a death knight
 10376 | D:12     | Killed a death knight
 10376 | D:12     | Reached skill level 12 in Axes
 10543 | D:12     | Reached skill level 10 in Fighting
 10549 | D:12     | Found a staircase to the Orcish Mines.
 11069 | D:12     | Noticed a skeletal warrior
 11073 | D:12     | Noticed a skeletal warrior
 11075 | D:12     | Noticed a skeletal warrior
 11095 | D:13     | Killed a skeletal warrior
 11095 | D:13     | Received a gift from Okawaru
 11101 | D:13     | Reached XP level 13. HP: 59/103 MP: 18/18
 11456 | D:13     | Reached skill level 10 in Armour
 11485 | D:13     | Noticed a six-headed hydra
 11501 | D:13     | Killed a one-headed hydra
 11780 | D:13     | Noticed Snorg
 11799 | D:13     | Killed Snorg
 12120 | D:13     | Received a gift from Okawaru
 12381 | Lair:1   | Entered Level 1 of the Lair of Beasts
 12396 | Lair:1   | Noticed Gastronok
 12432 | Lair:1   | Killed Gastronok
 12432 | Lair:1   | Reached skill level 13 in Axes
 13504 | Lair:2   | Identified the Almanac of Supportive Evil Secrets
 13520 | Lair:2   | You fall through a shaft for 2 floors!
 13551 | Lair:4   | Received a gift from Okawaru
 13561 | Lair:4   | Reached XP level 14. HP: 111/113 MP: 21/21
 13613 | Lair:4   | Gained mutation: You have sharp toenails. [potion of mutation]
 13613 | Lair:4   | Gained mutation: Potions and wands are less effective at restoring your health. [potion of mutation]
 13613 | Lair:4   | Gained mutation: You are somewhat resistant to further mutation. [potion of mutation]
 13614 | Lair:4   | Lost mutation: Potions and wands are less effective at restoring your health. [potion of cure mutation]
 13614 | Lair:4   | Lost mutation: You have sharp toenails. [potion of cure mutation]
 13614 | Lair:4   | Lost mutation: You are somewhat resistant to further mutation. [potion of cure mutation]
 13615 | Lair:4   | Gained mutation: You are weak. (Str -2) [potion of mutation]
 13615 | Lair:4   | Lost mutation: You are weak. (Str -2) [potion of mutation]
 13615 | Lair:4   | Gained mutation: Your mind is acute. (Int +2) [potion of mutation]
 13671 | Lair:4   | Found a staircase to the Snake Pit.
 13945 | Lair:3   | Noticed Urug
 13962 | Lair:3   | Killed Urug
 13977 | Lair:3   | Noticed Harold
 14002 | Lair:3   | Killed Harold
 14324 | Lair:3   | Reached skill level 1 in Dodging
 14377 | Lair:3   | Found a staircase to the Swamp.
 14606 | Lair:2   | Received a gift from Okawaru
 15357 | Lair:4   | Reached skill level 14 in Axes
 15900 | Snake:1  | Entered Level 1 of the Snake Pit
 15929 | Snake:1  | Reached XP level 15. HP: 108/120 MP: 2/22
 16204 | Snake:1  | Reached ****** piety under Okawaru
 16293 | Snake:1  | Received a gift from Okawaru
 17008 | Snake:1  | Received a gift from Okawaru
 17037 | Snake:1  | Got a scorched ring mail {god gift}
 17066 | Snake:1  | Identified a scroll of acquirement
 17235 | Snake:2  | Noticed Frances
 17235 | Snake:2  | Reached skill level 15 in Axes
 17258 | Snake:2  | Killed Frances
 17370 | Snake:2  | Noticed Aizul
 17398 | Snake:2  | Killed Aizul
 17801 | Snake:2  | Reached skill level 5 in Dodging
 17884 | Snake:2  | Reached XP level 16. HP: 126/129 MP: 16/23
 18407 | Snake:3  | Received a gift from Okawaru
 18410 | Snake:3  | Got a dazzling executioner's axe {god gift}
 18470 | Snake:3  | Noticed a nagaraja
 18481 | Snake:3  | Killed a nagaraja
 18965 | Snake:4  | Entered Level 4 of the Snake Pit
 18972 | Snake:4  | Reached skill level 16 in Axes
 19375 | Snake:4  | Received a gift from Okawaru
 19410 | Snake:4  | Noticed a nagaraja
 19428 | Snake:4  | Killed a nagaraja
 19444 | Snake:4  | Noticed a nagaraja
 19473 | Snake:4  | Noticed a nagaraja
 19474 | Snake:4  | Killed a nagaraja
 19496 | Snake:4  | Killed a nagaraja
 19496 | Snake:4  | Reached XP level 17. HP: 123/137 MP: 24/24
 19561 | Snake:4  | Cast into level 1 of the Abyss (naga)
 19668 | Abyss:1  | Noticed a tentacled monstrosity
 19692 | Abyss:1  | Killed a tentacled monstrosity
 19692 | Abyss:1  | Reached skill level 15 in Shields
 19750 | Abyss:1  | Found a corrupted altar of Lugonu.
 19750 | Abyss:1  | Found a corrupted altar of Lugonu.
 19756 | Abyss:1  | Noticed a tentacled starspawn
 19807 | Abyss:1  | Killed a tentacled starspawn
 20018 | Snake:4  | Escaped the Abyss
 20032 | Snake:4  | Received a gift from Okawaru
 20047 | Snake:4  | Got a dazzling war axe {god gift}
 20143 | Snake:4  | Got a serpentine rune of Zot
 20315 | Snake:4  | Reached skill level 17 in Axes
 20493 | Lair:5   | Noticed Jerry's ghost (journeyman SpEn)
 20626 | Lair:5   | Killed Jerry's ghost
 20741 | Lair:5   | Found a viscous altar of Jiyva.
 20741 | Lair:5   | Found a staircase to the Slime Pits.
 20752 | Lair:5   | Found an ancient bone altar of Kikubaaqudgha.
 20849 | Lair:5   | Received a gift from Okawaru
 21081 | Lair:6   | Entered Level 6 of the Lair of Beasts
 21378 | Lair:6   | Reached XP level 18. HP: 146/146 MP: 19/25
 21766 | Lair:6   | Received a gift from Okawaru
 22162 | Swamp:1  | Entered Level 1 of the Swamp
 23061 | Swamp:2  | Received a gift from Okawaru
 23697 | Swamp:3  | Reached skill level 18 in Axes
 24491 | Swamp:4  | Entered Level 4 of the Swamp
 25056 | Swamp:4  | Received a gift from Okawaru
 25179 | Swamp:4  | Reached XP level 19. HP: 154/154 MP: 26/26
 25242 | Swamp:4  | Reached skill level 15 in Armour
 25252 | Swamp:4  | Reached skill level 15 in Fighting
 25387 | Swamp:4  | Received a gift from Okawaru
 25431 | Swamp:4  | Got a decaying rune of Zot
 25691 | Swamp:4  | Got a wavering lead amulet
 25693 | Swamp:4  | Identified the amulet "Hablah" {Reflect rF+++ Int-5 Dex-4 SH+5 SInv} (You acquired it on level 4 of the Swamp)
 26154 | Orc:1    | Entered Level 1 of the Orcish Mines
 26342 | Orc:1    | You fall through a shaft!
 26342 | Orc:2    | Entered Level 2 of the Orcish Mines
 26368 | Orc:2    | Found a staircase to the Elven Halls.
 26426 | Orc:2    | Found Issuwyck's Assorted Antiques.
 26464 | Orc:2    | Found Diurhem's Magic Scroll Boutique.
 26556 | Orc:2    | Found Dasirhod's Antique Armour Shoppe.
 26577 | Orc:2    | Found Cydich's Antique Weapon Boutique.
 26654 | Orc:2    | Found Wolorunt's Gadget Shoppe.
 26692 | Orc:2    | Noticed octopushugs's ghost (journeyman MiFi)
 26708 | Orc:2    | Killed octopushugs's ghost
 27001 | Orc:2    | Found a roughly hewn altar of Beogh.
 27228 | Orc:2    | Noticed octopushugs's ghost (journeyman MiFi)
 27250 | Orc:2    | Killed octopushugs's ghost
 28025 | D:14     | Found a shadowy altar of Dithmenos.
 28218 | D:14     | Reached skill level 19 in Axes
 28464 | D:14     | Found a gate to the Vaults.
 28843 | Vaults:1 | Entered Level 1 of the Vaults
 28883 | Vaults:1 | Noticed Nikola
 28898 | Vaults:1 | Killed Nikola
 28901 | Vaults:1 | Found Gaezxom's Magic Scroll Shop.
 28965 | Vaults:1 | Received a gift from Okawaru
 28965 | Vaults:1 | Reached XP level 20. HP: 164/164 MP: 27/27
 29123 | Vaults:1 | Received a gift from Okawaru
 29219 | Vaults:1 | Noticed Asterion
 29234 | Vaults:1 | Killed Asterion
 29398 | Vaults:1 | Received a gift from Okawaru
 30025 | Vaults:1 | Found Hubaniess's Jewellery Shop.
 30050 | Vaults:1 | Bought a cursed +5 ring of evasion for 936 gold pieces
 30272 | Vaults:2 | Noticed a Hell Sentinel
 30284 | Vaults:2 | Received a gift from Okawaru
 30286 | Vaults:2 | Gained mutation: You are clumsy. (Dex -2) [a cacodemon]
 30287 | Vaults:2 | Noticed a Brimstone Fiend
 30363 | Vaults:2 | Reached XP level 21. HP: 172/172 MP: 24/28
 30370 | Vaults:2 | Reached skill level 20 in Axes
 30455 | Vaults:2 | Found Doban's Food Emporium.
 30951 | Vaults:2 | Found a portal to a secret trove of treasure.
 31839 | Vaults:3 | Received a gift from Okawaru
 31881 | Vaults:3 | Identified the +11 executioner's axe "Qidesch" {chop, rElec rF+ MR+++ Dex-2} (Okawaru gifted it to you on level 3 of the Snake Pit)
 31882 | Vaults:3 | Identified the +10 war axe "Yxkub" {drain, rF+ rN++ Str-3} (Okawaru gifted it to you on level 4 of the Snake Pit)
 31889 | Vaults:3 | Identified the +7 broad axe "Uvome" {chop, MR- MP+9 SInv Stlth-} (Okawaru gifted it to you on level 3 of the Vaults)
 32070 | Vaults:3 | Noticed a Tzitzimitl
 32451 | Vaults:3 | Noticed Mennas
 32498 | Vaults:3 | Killed Mennas
 32662 | Vaults:3 | Received a gift from Okawaru
 33110 | Vaults:3 | Found a staircase to the Crypt.
 33273 | Vaults:4 | Reached XP level 22. HP: 181/181 MP: 29/29
 33344 | Vaults:4 | Reached skill level 10 in Dodging
 33766 | Vaults:4 | Identified Tevuofiwaem's Collected Works on Creative Earth
 33914 | Vaults:4 | Received a gift from Okawaru
 33935 | Vaults:4 | Got a fine shield {god gift}
 33946 | Vaults:4 | Identified the +0 shield "Jucveiru" {rC+ Dex+3} (Okawaru gifted it to you on level 4 of the Vaults)
 34702 | Vaults:5 | Entered Level 5 of the Vaults
 34735 | Vaults:5 | Reached XP level 23. HP: 190/190 MP: 24/30
 34745 | Vaults:5 | Received a gift from Okawaru
 34767 | Vaults:5 | Noticed an ancient lich
 34797 | Vaults:5 | Killed an ancient lich
 34797 | Vaults:5 | Reached skill level 21 in Axes
 34799 | Vaults:5 | Received a gift from Okawaru
 34808 | Vaults:5 | Received a gift from Okawaru
 34867 | Vaults:5 | Noticed an ancient lich
 35071 | Vaults:5 | Reached XP level 24. HP: 161/199 MP: 25/30
 35072 | Vaults:5 | Killed an ancient lich
 35080 | Vaults:5 | Noticed an ancient lich
 35107 | Vaults:5 | Killed an ancient lich
 35108 | Vaults:5 | Noticed a golden dragon
 35117 | Vaults:5 | Received a gift from Okawaru
 35125 | Vaults:5 | Killed a golden dragon
 35255 | Vaults:5 | Got a transparent cloak
 35267 | Vaults:5 | Identified the +5 cloak of Midnight {rF++ Dex-3} (You acquired it on level 5 of the Vaults)
 35290 | Vaults:5 | Found Raar's Magic Scroll Shop.
 35309 | Vaults:5 | Bought a scroll of enchant weapon for 157 gold pieces
 35380 | Vaults:5 | Identified the Incunabulum of Dusty Orientation
 35537 | Vaults:5 | Got a silver rune of Zot
 35703 | Vaults:5 | Noticed an ancient lich
 35719 | Vaults:5 | Killed an ancient lich
 36488 | D:15     | Entered Level 15 of the Dungeon
 36488 | D:15     | Found a staircase to the Depths.
 36550 | D:15     | Received a gift from Okawaru
 36656 | D:15     | Found a frozen archway.
 36680 | IceCv    | Entered an ice cave
 37709 | D:15     | Gained mutation: You are robust. (+10% HP) [potion of mutation]
 37709 | D:15     | Gained mutation: Your body sometimes deteriorates upon taking damage. [potion of mutation]
 37709 | D:15     | Gained mutation: Your system is resistant to poisons. (rPois) [potion of mutation]
 37710 | D:15     | Lost mutation: Your mind is acute. (Int +2) [potion of cure mutation]
 37710 | D:15     | Lost mutation: You are clumsy. (Dex -2) [potion of cure mutation]
 37710 | D:15     | Lost mutation: Your system is resistant to poisons. (rPois) [potion of cure mutation]
 37710 | D:15     | Lost mutation: You are robust. (+10% HP) [potion of cure mutation]
 37710 | D:15     | Lost mutation: Your body sometimes deteriorates upon taking damage. [potion of cure mutation]
 37734 | Depths:1 | Entered Level 1 of the Depths
 37827 | Depths:1 | Noticed Mara
 37837 | Depths:1 | Noticed Naow's illusion
 37907 | Depths:1 | Noticed Naow's illusion
 37966 | Depths:1 | Noticed Naow's illusion
 38371 | Depths:1 | Noticed Naow's illusion
 38372 | Depths:1 | Reached XP level 25. HP: 208/208 MP: 23/30
 38389 | Depths:1 | Killed Mara
 38389 | Depths:1 | Received a gift from Okawaru
 38416 | Depths:1 | Got a pair of dazzling gloves {god gift}
 38456 | Depths:1 | Identified the +1 pair of gloves of Grace {rPois Regen+ Slay+3} (Okawaru gifted it to you on level 1 of the Depths)
 38522 | Depths:1 | Noticed an ancient lich
 38522 | Depths:1 | Found a gateway to a ziggurat.
 38777 | Depths:1 | Gained mutation: You are frail. (-10% HP) [potion of mutation]
 38777 | Depths:1 | Gained mutation: You passively map a small area around you. [potion of mutation]
 38777 | Depths:1 | Gained mutation: Your spells are a little harder to cast, but a little more powerful. [potion of mutation]
 38778 | Depths:1 | Lost mutation: Your spells are a little harder to cast, but a little more powerful. [potion of cure mutation]
 38778 | Depths:1 | Lost mutation: You are frail. (-10% HP) [potion of cure mutation]
 38897 | Depths:1 | Found a gateway to Hell.
 39611 | Depths:2 | Reached skill level 22 in Axes
 39637 | Depths:2 | Noticed a juggernaut
 39651 | Depths:2 | HP: 9/209 [storm dragon/bolt of lightning (24)]
 39651 | Depths:2 | HP: 4/209 [tentacled monstrosity (5)]
 39652 | Depths:2 | Killed from afar by a titan

Skill      XL: |  1  2  3  4  5  6  7  8  9 10 11 12 13 14 15 16 17 18 19 20 21 22 23 24 25 |
---------------+----------------------------------------------------------------------------+-----
Shields        | 4 5 6 7 9 10 11 12 13 14 15 16 17 18 19 20 21 | 21.2
Axes           | 3 4 5 6 8 9 11 12 13 14 15 16 17 18 19 20 21 22 | 22.0
Fighting       | 4 5 6 7 8 9 10 11 12 13 14 15 16 17 18 19 | 19.6
Armour         | 4 5 7 8 9 10 11 12 13 14 15 16 17 18 19 | 19.6
Invocations    | 3 6 7 9 |  9.7
Dodging        | 3 5 6 7 8 9 10 11 12 13 | 13.3

Action                   |  1- 3 |  4- 6 |  7- 9 | 10-12 | 13-15 | 16-18 | 19-21 | 22-24 | 25-27 || total
-------------------------+-------+-------+-------+-------+-------+-------+-------+-------+-------++-------
Melee: War axe           |    60 |   183 |   287 |   347 |    74 |       |       |       |       ||   951
       Broad axe         |       |       |       |   400 |   966 |  1626 |  1628 |  1190 |   288 ||  6098
Invok: Heroism           |       |       |       |    10 |    16 |    21 |    20 |     9 |     2 ||    78
       Finesse           |       |       |       |     2 |     3 |     2 |     6 |     6 |       ||    19
 Abil: Dig               |       |       |       |       |       |       |     1 |       |       ||     1
Evoke: Wand              |       |       |       |       |       |     4 |     1 |       |     1 ||     6
  Use: Potion            |       |       |     2 |     1 |     3 |     2 |     1 |     4 |     2 ||    15
       Scroll            |       |       |     3 |    19 |     9 |     9 |     7 |    10 |     1 ||    58
 Stab: Paralysed         |       |       |       |       |       |     2 |       |       |       ||     2
       Invisible         |       |       |       |       |       |     1 |       |       |       ||     1
  Eat: Chunk             |       |     4 |    11 |    46 |    48 |    22 |    25 |    17 |     5 ||   178
       Meat ration       |       |       |       |     1 |       |       |     1 |       |       ||     2
       Bread ration      |       |       |       |     1 |       |       |       |       |       ||     1
       Fruit             |       |       |       |       |       |     2 |       |       |       ||     2
Armor: Scale mail        |    19 |    74 |    81 |       |       |       |       |       |       ||   174
       Crystal plate arm |       |       |    24 |   491 |   538 |  1116 |   413 |   462 |   101 ||  3145
       Plate armour      |       |       |    11 |       |       |       |       |       |       ||    11
Dodge: Dodged            |    26 |    56 |    83 |   132 |   177 |   508 |   271 |   394 |    94 ||  1741
Block: Shield            |    25 |   122 |   141 |   434 |    71 |       |       |   921 |   256 ||  1970
       Large shield      |       |       |       |       |   937 |  1794 |  1451 |   234 |       ||  4416
       Reflection        |       |       |       |       |    40 |    68 |   147 |    72 |    48 ||   375
